 Dungeon Crawl Stone Soup version 0.28.0-1-gb440e238dd (webtiles) character file.

Game seed: 10901717023417583780

16 Snicker the Sneak (level 2, -2/24 HPs)
             Began as a Demonspawn Delver on Feb 20, 2022.
             Was an Initiate of Hepliaklqana.
             Slain by an adder (3 damage)
             ... on level 5 of the Dungeon.
             The game lasted 00:00:49 (129 turns).

Snicker the Sneak (Demonspawn Delver)                Turns: 129, Time: 00:00:50

Health: -2/24      AC:  3    Str: 12    XL:     2   Next: 37%
Magic:  2/2        EV: 11    Int: 11    God:    Hepliaklqana [......]
Gold:   8          SH:  0    Dex: 14    Spells: 1/1 levels left

rFire   . . .      SeeInvis .   a - +0 short sword
rCold   . . .      Faith    .   (no shield)
rNeg    . . .      Spirit   .   b - +0 leather armour
rPois   .          Reflect  .   (no helmet)
rElec   .          Harm     .   (no cloak)
rCorr   .          Rampage  .   (no gloves)
Will    .....                   (no boots)
Stlth   +++.......              (no amulet)
HPRegen 0.08/turn               (no ring)
MPRegen 0.08/turn               (no ring)

@: lethally poisoned (-2 -> -10)
A: demonic magic 1
a: Renounce Religion


You were on level 5 of the Dungeon.
You worshipped Hepliaklqana.
Hepliaklqana was noncommittal.
You visited 2 branches of the dungeon, and saw 3 of its levels.

You collected 8 gold pieces.

Inventory:

Hand Weapons
 a - a +0 short sword (weapon)
Armour
 b - a +0 leather armour (worn)
 h - the -5 pair of boots of the Enchanted Forest {+Blink rElec rCorr Str+3}
   (You found it on level 5 of the Dungeon)

   Str:       It affects your strength (+3).
   rElec:     It insulates you from electricity.
   +Blink:    It lets you blink.
   rCorr:     It protects you from acid and corrosion.
Wands
 g - a wand of digging (3)
Scrolls
 c - a scroll of fog
 d - a scroll of magic mapping
 e - a scroll of fear
Potions
 f - a potion of haste


   Skills:
 + Level 3.0 Fighting
 * Level 1.8 Short Blades
 + Level 1.8 Dodging
 * Level 5.0 Stealth


You had one spell level left.
You didn't know any spells.
Your spell library was empty.

Dungeon Overview and Level Annotations

Branches:
Dungeon (6/15)             Temple (1/1) D:5

Altars:
Ashenzari
Cheibriados
Elyvilon
Fedhas
Hepliaklqana
Kikubaaqudgha
Makhleb
Okawaru
Qazlal
Ru
Sif Muna
Trog
Uskayaw
Vehumet
Yredelemnul
Zin

Annotations:
D:6 2 transporters, themarg's ghost, novice MiBe


Innate Abilities, Weirdness & Mutations

Spells you cast may paralyse adjacent enemies.


Message History

You barely miss the adder. The adder bites you.
You hit the adder.
The adder is heavily wounded.
The adder completely misses you.
You hit the adder but do no damage.
The adder is heavily wounded.
The adder bites you.
You are poisoned.
The adder poisons you!
You closely miss the adder.
The adder is heavily wounded.
You feel sick. The adder barely misses you. The adder bites you.
You barely miss the adder.
The adder is heavily wounded.
You feel sick. The adder bites you.
Unknown command.
You barely miss the adder.
The adder is heavily wounded.
You feel sick. The adder bites you but does no damage.
You closely miss the adder.
The adder is heavily wounded.
You feel sick. The adder closely misses you. The adder bites you.
* * * LOW HITPOINT WARNING * * *
You are lethally poisoned!
The adder poisons you!
Okay, then.
Unknown command.
Unknown command.
Unknown command.
Okay, then.
Unknown command.
Okay, then.
Unknown command.
Unknown command.
You hit the adder.
The adder is severely wounded.
* * * LOW HITPOINT WARNING * * *
You feel very sick. The adder bites you.
You die...

... ##. ... #..
..... #..
......#.#
......#.##
.........
......#)#
......#.#
.(....S@#
.....#..# ....
#..# ?.. #..# ..
##.## . #..# #..#
#..## .#
######...####.###


You could see an adder.

Vanquished Creatures
  A hound zombie (D:5)
  An orc (D:5)
2 creatures vanquished.

Notes
Turn   | Place    | Note
-------+----------+-------------------------------------------
     0 | D:5      | Snicker the Demonspawn Delver began the quest for the Orb.
     0 | D:5      | Reached XP level 1. HP: 18/18 MP: 1/1
     3 | D:6      | Noticed themarg's ghost (novice MiBe)
     3 | D:6      | Noticed an ogre
     3 | D:6      | Noticed a phantom
     3 | D:6      | Found a transporter.
     3 | D:6      | Found a transporter.
    11 | D:5      | Found a staircase to the Ecumenical Temple.
    16 | D:5      | Identified the -5 pair of boots of the Enchanted Forest
                  | {+Blink rElec rCorr Str+3}
    32 | D:5      | Reached skill level 5 in Stealth
    32 | D:5      | Gained mutation: Spells you cast may paralyse adjacent
                  | enemies. [demonic ancestry]
    32 | D:5      | Reached XP level 2. HP: 18/24 MP: 2/2
    36 | Temple   | Entered the Ecumenical Temple
    62 | Temple   | Became a worshipper of Hepliaklqana the Forgotten
   129 | D:5      | HP: 1/24 [poisoned by an adder]
   129 | D:5      | Slain by an adder

Illustrated notes

Levels and vault maps discovered:
D:5:      layout_basic, minmay_temple_entry_mini_moons
D:6:      layout_cave_pools, gammafunk_ghost_smash, due_unseen_surprise
Temple:   lightli_temple_of_artemis

Skill      XL: |  1 |
---------------+----+-----
Stealth        | 5 |  5.0
Fighting       | |  3.0
Short Blades   | |  1.8
Dodging        | |  1.8

Action                   || total
-------------------------++-------
Melee: Short sword       ||    26
 Stab: Sleeping          ||     1
Armor: Leather armour    ||     6
Dodge: Dodged            ||    13
